 Dungeon Crawl Stone Soup version 0.21.1-1-g345015fe64 (webtiles) character file.

121 Oravi the Cutter (level 5, -2/35 HPs)
             Began as a Halfling Fighter on Mar 28, 2018.
             Killed from afar by an orc wizard (7 damage)
             ... with a magic dart
             ... on level 2 of the Dungeon.
             The game lasted 00:06:21 (2923 turns).

Oravi the Cutter (Halfling Fighter)                 Turns: 2923, Time: 00:06:22

Health: -2/35      AC:  5    Str: 17    XL:     5   Next: 26%
Magic:  5/5        EV:  9    Int:  6    God:
Gold:   158        SH:  9    Dex: 15    Spells: 4/4 levels left

rFire    . . .     SeeInvis .   a - +0 rapier
rCold    . . .     Gourm    .   c - +0 shield
rNeg     . . .     Faith    .   r - +0 ring mail
rPois    .         Spirit   .   (no helmet)
rElec    .         Reflect  .   (no cloak)
rCorr    .         Harm     .   (no gloves)
MR       .....                  (no boots)
Stlth    +.........             (no amulet)
HPRegen  0.11/turn              (no ring)
MPRegen  0.09/turn              (no ring)

@: no status effects
A: small, mutation resistance 1
a: no special abilities


You were on level 2 of the Dungeon.
You were hungry.

You visited 1 branch of the dungeon, and saw 3 of its levels.

You collected 158 gold pieces.

Inventory:

Hand Weapons
 a - a +0 rapier (weapon)
 s - a +0 hunting sling
Missiles
 e - 99 stones (quivered)
Armour
 b - a +0 scale mail
 c - a +0 shield (worn)
 r - a +0 ring mail (worn)
Scrolls
 g - 3 scrolls of immolation {unknown}
 i - 3 scrolls of identify {unknown}
 j - a scroll of fear {unknown}
 k - a scroll of enchant armour {unknown}
 l - a scroll of amnesia {unknown}
 m - 2 scrolls of magic mapping {unknown}
 p - a scroll of teleportation {unknown}
 t - a scroll of fog {unknown}
Potions
 d - a potion of might
 h - a potion of mutation {unknown}
 n - 2 potions of haste {unknown}
 o - a potion of heal wounds {unknown}
 q - 2 potions of ambrosia {unknown}
 u - a potion of magic {unknown}
Comestibles
 f - 3 rations


   Skills:
 - Level 2.6 Fighting
 + Level 6.1 Short Blades
 - Level 3.2 Armour
 - Level 3.2 Shields


You had 4 spell levels left.
You didn't know any spells.

Dungeon Overview and Level Annotations

Branches:
Dungeon (3/15)

Altars:


Innate Abilities, Weirdness & Mutations

You are small and have problems with some larger weapons.
You are somewhat resistant to further mutation.


Message History

You block the orc wizard's attack. x2; The orc wizard hits you with a dagger.
You closely miss the orc wizard.
The orc wizard is almost dead.
The orc wizard hits you but does no damage.
The orc wizard closely misses you.
You closely miss the orc wizard.
The orc wizard is almost dead.
The orc wizard mumbles some strange words.
The orc wizard blinks!
You barely miss the orc wizard.
The orc wizard is almost dead.
The orc wizard gestures at you while chanting.
The magic dart hits you!
* * * LOW HITPOINT WARNING * * *
The orc wizard gestures at you while chanting.
The puff of flame hits you!
* * * LOW HITPOINT WARNING * * *
The orc wizard gestures at you while chanting.
The magic dart hits you!
You die...

#.# #.#.#.# #.#
#.#.#.# #.# #.#.#.#
#.# #.#.... #.#
#.###.# #.# #...)..
#.################.#
#.#.ยง....o...# #..
#.#@################
#.#o#...............
#.#.#.##############
#.#.#.#
##############.#.#.#
..^............#.#.#
################.#.#
#.#.# #.#.#


You could see 2 orc wizards.

Vanquished Creatures
  A hound (D:2)
  3 adders
  An ooze (D:2)
  3 dart slugs
  A leopard gecko (D:2)
  3 orcs (D:2)
  8 bats
  A giant cockroach (D:2)
  8 goblins
  6 hobgoblins
  2 jackals (D:2)
  A ball python (D:2)
  5 frilled lizards (D:2)
  4 kobolds
  4 rats
51 creatures vanquished.

Notes
Turn   | Place    | Note
-------+----------+-------------------------------------------
     0 | D:1      | Oravi the Halfling Fighter began the quest for the Orb.
     0 | D:1      | Reached XP level 1. HP: 15/15 MP: 1/1
   113 | D:1      | Reached skill level 3 in Short Blades
   113 | D:1      | Reached XP level 2. HP: 16/20 MP: 2/2
   545 | D:1      | Reached skill level 4 in Short Blades
   545 | D:1      | Reached XP level 3. HP: 24/25 MP: 3/3
  1782 | D:2      | Reached XP level 4. HP: 28/30 MP: 4/4
  1795 | D:2      | Reached skill level 5 in Short Blades
  2061 | D:2      | Reached XP level 5. HP: 35/35 MP: 5/5
  2599 | D:2      | Reached skill level 6 in Short Blades
  2923 | D:2      | Killed from afar by an orc wizard

Skill      XL: |  1  2  3  4  5 |
---------------+----------------+-----
Short Blades   | 3 4 5 6 |  6.1
Fighting       | |  2.6
Armour         | |  3.2
Shields        | |  3.2

Action                   |  1- 3 |  4- 6 || total
-------------------------+-------+-------++-------
Melee: Rapier            |   138 |   101 ||   239
  Eat: Chunk             |     3 |     3 ||     6
Armor: Scale mail        |    24 |       ||    24
       Ring mail         |    28 |    37 ||    65
Dodge: Dodged            |    65 |    41 ||   106
Block: Shield            |    76 |    57 ||   133
